Map: Amygdala

Players

LiquidElazer (Elazer) - Winner!

  • Race: Zerg Zerg
  • Spawn Location: 1:00

BabyMarine

  • Race: Terran Terran
  • Spawn Location: 7:00

Event: HomeStory Cup XXVI

VOD

Have the link to the VOD?

Description

Time

  • Played on: Nov. 30, 2024, 5:15 p.m.
  • Length: 6:44

All games in this series

Show
View Real Time Build Order
Export as new Build Order

LiquidElazer Zerg - Winner!

Build Orders: Hatch First 

Get SALT Encoding   

  12  0:00  Drone  
  13  0:08  Drone  
  14  0:14  Extractor  
  14  0:15  Drone  
  15  0:35  Hatchery  
  14  0:39  Extractor  
  14  0:40  Drone  
  15  0:47  Overlord  
  15  1:00  Spawning Pool  
  14  1:05  Drone  
  14  1:07  Drone  
  14  1:11  Drone  
  17  1:16  Drone  
  18  1:27  Drone  
  19  1:38  Drone  
  20  1:46  Queen x2  
  20  1:48  Drone  
  20  1:50  Drone  
  26  1:57  Drone  
  26  1:59  Overlord  
  27  2:12  Spine Crawler  
  24  2:16  Zergling x4  
  24  2:17  Spine Crawler  
  23  2:24  Zergling x4  
  24  2:33  Queen  
  26  2:38  Drone  
  26  2:39  Drone  
  29  2:44  Drone  
  29  2:50  Overlord  
  30  2:58  Drone x2  
  32  3:02  Overlord  
  32  3:10  Drone x4  
  34  3:20  Drone x2  
  34  3:25  Drone  
  36  3:31  Drone  
  36  3:37  Drone x3  
  36  3:38  Drone  
  36  3:40  Drone  
  36  3:41  Hatchery  
  40  3:43  Extractor  
  40  3:45  Extractor  
  40  3:47  Drone  
  39  3:54  Roach Warren  
  39  3:55  Extractor  
  37  3:56  Drone  
  37  3:57  Drone  
  37  3:59  Drone x2  
  37  4:01  Drone  
  42  4:05  Drone  
  42  4:06  Drone  
  42  4:09  Overlord  
  44  4:11  Overlord  
  44  4:23  Extractor  
  44  4:24  Drone  
  44  4:27  Drone x3  
  44  4:28  Overlord  
  47  4:34  Roach x3  
  53  4:39  Roach x2  
  53  4:41  Metabolic Boost  
  53  4:45  Overlord  
  57  4:50  Roach  
  57  4:51  Roach  
  61  4:54  Roach  
  61  4:56  Roach  
  61  4:59  Overlord  
  65  5:03  Overlord  
  67  5:07  Roach  
  67  5:08  Zergling x2  
  67  5:09  Zergling x2  
  67  5:11  Ravager x2  
  67  5:13  Zergling x2  
  72  5:15  Zergling x2  
  72  5:17  Zergling x2  
  72  5:18  Ravager  
  72  5:20  Zergling x2  
  72  5:21  Zergling x2  
  77  5:23  Zergling x2  
  77  5:24  Zergling x2  
  77  5:26  Zergling x2  
  80  5:30  Zergling x4  
  82  5:36  Zergling x6  
  82  5:39  Ravager x3  
  88  5:42  Ravager  
  87  5:50  Zergling x12  
  90  6:04  Roach  
  85  6:05  Zergling x14  
  91  6:11  Zergling x6  
  88  6:20  Ravager  
  88  6:21  Ravager  
  88  6:23  Zergling x2  
  88  6:24  Zergling x8  
  94  6:28  Ravager  
Show
View Real Time Build Order
Export as new Build Order

BabyMarine Terran 

Build Orders:  

Get SALT Encoding   

  12  0:00  SCV  
  13  0:12  SCV  
  14  0:19  Supply Depot  
  14  0:24  SCV  
  15  0:42  Barracks  
  15  0:52  Barracks  
  15  0:54  SCV  
  16  1:06  SCV  
  17  1:21  SCV  
  18  1:29  Marine  
  19  1:33  Orbital Command  
  19  1:35  Refinery  
  19  1:39  Marine  
  20  1:42  Supply Depot  
  20  1:47  Marine  
  21  1:56  Marine  
  21  1:59  Bunker  
  21  2:00  Bunker  
  22  2:01  SCV  
  22  2:05  Marine  
  24  2:14  SCV  
  24  2:26  SCV  
  26  2:33  Command Center  
  24  2:38  SCV  
  24  2:40  Factory  
  25  2:50  SCV  
  26  3:02  SCV  
  27  3:08  Command Center  
  27  3:14  SCV  
  28  3:26  SCV  
  25  3:31  Factory Reactor  
  25  3:34  Refinery  
  25  3:38  SCV  
  26  3:47  Orbital Command  
  26  3:52  SCV  
  26  3:53  Starport  
  27  4:00  Marine  
  28  4:04  Orbital Command, SCV  
  28  4:05  Barracks Tech Lab  
  28  4:07  Hellion x2  
  33  4:16  SCV  
  34  4:21  Orbital Command  
  35  4:25  Marine  
  35  4:28  SCV  
  35  4:30  SCV  
  35  4:31  Hellion  
  40  4:33  Hellion  
  40  4:34  Medivac  
  43  4:39  Stimpack  
  43  4:41  SCV  
  43  4:42  SCV  
  43  4:44  Marine  
  46  4:48  SCV  
  47  4:53  SCV  
  47  4:58  SCV  
  47  4:59  Marine  
  50  5:00  SCV, Marine  
  50  5:01  Supply Depot  
  50  5:02  Marine  
  50  5:04  Factory Tech Lab  
  50  5:06  SCV  
  54  5:10  SCV  
  54  5:12  Medivac  
  54  5:13  Supply Depot  
  57  5:19  SCV x2  
  57  5:20  Marine x2  
  61  5:22  Barracks  
  61  5:23  Marine  
  61  5:24  Supply Depot  
  61  5:26  Orbital Command  
  61  5:27  Siege Tank  
  65  5:30  SCV  
  65  5:31  SCV  
  67  5:38  Marine x2  
  67  5:42  SCV  
  69  5:43  SCV  
  69  5:49  Supply Depot x2  
  70  5:50  Supply Depot, Marine  
  70  5:57  SCV x2, Marine  
  70  6:00  SCV  
  70  6:01  Marine  
  70  6:03  Siege Tank  
  46  6:13  SCV x2  
  46  6:14  Marine  
  46  6:18  Marine x2  
  35  6:26  Marine  
  35  6:31  SCV x2  
Tags
 
Add a new tag
Caveats
  • Supply blocks, unpowered buildings, or Contaminate may cause inaccurate times.
  • Supply counts are checked every 10 seconds.